 Dungeon Sprint DCSS version 0.31-a0-564-g3b7de120b3 (webtiles) character file.

Game seed: 5122689115249229774

55771 BigDaddyOpFi the End of an Era (level 14, -22/119 HPs)
             Began as an Octopode Fighter on May 12, 2023.
             Was the Champion of Qazlal.
             Annihilated by a royal mummy (33 damage)
             ... in the Dungeon (Sprint V: "Ziggurat Sprint") on Aug 17, 2023.
             The game lasted 00:06:32 (2182 turns).

BigDaddyOpFi the End of an Era (Octopode Fighter)   Turns: 2182, Time: 00:06:33

Health: -22/119    AC:  1    Str: 44    XL:     14   Next: 78%
Magic:  19/27      EV: 24    Int: 14    God:    Qazlal [******]
Gold:   0          SH: 43    Dex: 23    Spells: 13/13 levels left

rFire   + + +        C - +16 obsidian axe {drain, demonic, Mesm Drain Fly SInv}
rCold   x x .        D - +18 shield of the Gong {Loud rN+ Will+ rCorr EV-5}
rNeg    + + +        (helmet restricted)
rPois   +            T - amulet of faith
rElec   .            r - ring of flight
rCorr   +            X - ring of Balance {rPois rN+ Int+3 Dex+6}
SInv    +            t - +6 ring of dexterity
Will    ++++.        m - ring of the Establishment {rF+ rCorr Str+6}
Stlth   +            G - ring "Guck" {Fire Will+ Str+4 SInv}
HPRegen 0.39/turn    w - +6 ring of strength
MPRegen 0.20/turn    W - ring of the Charming Gods {rPois rF+ rC- Str+8}
                     E - ring "Xiof" {rF+ rN++ Will+ Stlth-}

%: no teleportation, repel missiles, faith
@: flying, mesmerised, studying Ranged Weapons
A: almost no armour, amphibious, 8 rings, camouflage 1, gelatinous body 1,
(nimble swimmer 1), tentacles
a: Renounce Religion, Upheaval, Elemental Force, Disaster Area


You were in the Dungeon.
You worshipped Qazlal.
Qazlal was exalted by your worship.
You visited 1 branch

Inventory:

Hand Weapons
 C - the +16 obsidian axe (weapon) {drain, demonic, Mesm Drain Fly SInv}
   (You found it in the Dungeon)

   Mesm:      Its wielder is mesmerised by any visible foes, and it cannot be
   unequipped while any foes are visible.
   SInv:      It lets you see invisible.
   Fly:       It grants you flight.
   Drain:     It drains your maximum health when unequipped.
Armour
 D - the +18 shield of the Gong (worn) {Loud rN+ Will+ rCorr EV-5}
   (You found it in the Dungeon)

   Loud:      It is deafeningly noisy when blocking attacks.
   EV-5:      It affects your evasion (-5).
   rN+:       It protects you from negative energy.
   Will+:     It increases your willpower.
   rCorr:     It protects you from acid and corrosion.
Jewellery
 m - the ring of the Establishment (on tentacle) {rF+ rCorr Str+6}
   (You found it in the Dungeon)

   [ring of protection from fire]

   Str+6:     It affects your strength (+6).
   rF+:       It protects you from fire.
   rCorr:     It protects you from acid and corrosion.
 r - a ring of flight (left tentacle)
 t - a +6 ring of dexterity (on tentacle)
 w - a +6 ring of strength (on tentacle)
 E - the ring "Xiof" (on tentacle) {rF+ rN++ Will+ Stlth-}
   (You found it in the Dungeon)

   [ring of willpower]

   rF+:       It protects you from fire.
   rN++:      It greatly protects you from negative energy.
   Will+:     It increases your willpower.
   Stlth-:    It makes you less stealthy.
 G - the ring "Guck" (on tentacle) {Fire Will+ Str+4 SInv}
   (You found it in the Dungeon)

   [ring of fire]

   Fire:      It enhances your fire magic.
   Str+4:     It affects your strength (+4).
   rF+:       It protects you from fire.
   rC-:       It makes you vulnerable to cold.
   Will+:     It increases your willpower.
   SInv:      It lets you see invisible.
 T - an amulet of faith (around mantle)
 U - an amulet of the acrobat
 V - a ring of ice
 W - the ring of the Charming Gods (on tentacle) {rPois rF+ rC- Str+8}
   (You found it in the Dungeon)

   [ring of protection from fire]

   Str+8:     It affects your strength (+8).
   rF+:       It protects you from fire.
   rC-:       It makes you vulnerable to cold.
   rPois:     It protects you from poison
 X - the ring of Balance (right tentacle) {rPois rN+ Int+3 Dex+6}
   (You found it in the Dungeon)

   [ring of dexterity]

   Int+3:     It affects your intelligence (+3).
   Dex+6:     It affects your dexterity (+6).
   rPois:     It protects you from poison rN+: It protects you from negative
   energy.
 Y - a ring of protection from cold
 Z - a ring of resist corrosion
Wands
 y - a wand of mindburst (12)
 z - a wand of iceblast (10)
 A - a wand of light (12)
 B - a wand of charming (24)
 J - a wand of polymorph (4)
Scrolls
 i - 4 scrolls of blinking
 n - 4 scrolls of amnesia
 o - 9 scrolls of fog
 p - 5 scrolls of identify
 q - 2 scrolls of fear
 H - 2 scrolls of brand weapon
 R - 4 scrolls of enchant armour
Potions
 c - 6 potions of might
 d - 10 potions of curing
 e - 8 potions of heal wounds
 f - 6 potions of haste
 g - 6 potions of magic
 h - 3 potions of berserk rage
 j - 2 potions of brilliance
 k - 2 potions of invisibility
 l - 5 potions of resistance
Miscellaneous
 a - a removed chess piece


   Skills:
 + Level 19.0 Fighting
 + Level 18.9 Axes
 + Level 19.0 Dodging
 + Level 19.0 Shields
 + Level 19.7 Invocations


You had 13 spell levels left.
You didn't know any spells.
Your spell library contained the following spells:

 Spells                   Type           Power      Damage    Failure   Level
 Apportation              Tloc           0%         N/A       32%         1
 Freeze                   Ice            0%         1d3       32%         1
 Kiss of Death            Conj/Necr      0%         2d5       32%         1
 Magic Dart               Conj           0%         1d3       32%         1
 Necrotise                Necr           0%         1d4       32%         1
 Sting                    Tmut/Pois      0%         1d3       32%         1
 Summon Small Mammal      Summ           0%         N/A       32%         1
 Blink                    Tloc           0%         N/A       45%         2
 Call Imp                 Summ           0%         N/A       45%         2
 Cigotuvi's Dreadful Rot  Necr/Pois/Air  0%         N/A       45%         2
 Lesser Beckoning         Tloc           0%         N/A       45%         2
 Poisonous Vapours        Pois/Air       0%         N/A       45%         2
 Call Canine Familiar     Summ           0%         N/A       69%         3
 Confusing Touch          Hex            0%         N/A       69%         3
 Dazzling Flash           Conj/Hex       0%         N/A       69%         3
 Mephitic Cloud           Conj/Pois/Air  0%         N/A       69%         3
 Teleport Other           Tloc           0%         N/A       69%         3
 Vampiric Draining        Necr           0%         2d6       69%         3
 Vhi's Electric Charge    Tloc/Air       0%         N/A       69%         3
 Animate Dead             Necr           0%         N/A       97%         4
 Dispel Undead            Necr           0%         3d6       97%         4
 Iskenderun's Mystic Bla  Conj/Tloc      0%         2d3       97%         4
 Leda's Liquefaction      Hex/Erth       0%         N/A       97%         4
 Manifold Assault         Tloc           0%         N/A       97%         4
 Olgreb's Toxic Radiance  Pois           0%         N/A       97%         4
 Petrify                  Tmut/Erth      0%         N/A       97%         4
 Summon Ice Beast         Ice/Summ       0%         N/A       97%         4
 Summon Lightning Spire   Summ/Air       0%         N/A       97%         4
 Agony                    Necr           0%         N/A       100%        5
 Arcjolt                  Conj/Air       0%         1d10      100%        5
 Borgnjor's Vile Clutch   Necr/Erth      0%         N/A       100%        5
 Freezing Cloud           Conj/Ice/Air   0%         6-21      100%        5
 Lee's Rapid Deconstruct  Erth           0%         3d4*      100%        5
 Metabolic Englaciation   Hex/Ice        0%         N/A       100%        5
 Silence                  Hex/Air        0%         N/A       100%        5
 Summon Forest            Summ/Tloc      0%         N/A       100%        5
 Summon Mana Viper        Hex/Summ       0%         N/A       100%        5
 Yara's Violent Unravell  Hex/Tmut       0%         3d3       100%        5
 Conjure Ball Lightning   Conj/Air       0%         3x3d6     100%        6
 Death Channel            Necr           0%         N/A       100%        6
 Dispersal                Tloc           0%         N/A       100%        6
 Plasma Beam              Fire/Air       0%         2x1d10    100%        6
 Simulacrum               Ice/Necr       0%         N/A       100%        6
 Enfeeble                 Hex            0%         N/A       100%        7
 Malign Gateway           Summ/Tloc      0%         N/A       100%        7
 Monstrous Menagerie      Summ           0%         N/A       100%        7
 Borgnjor's Revivificati  Necr           0%         N/A       100%        8
 Discord                  Hex            0%         N/A       100%        8
 Disjunction              Tloc           0%         N/A       100%        8
 Summon Horrible Things   Summ           0%         N/A       100%        8
 Death's Door             Necr           0%         N/A       100%        9
 Fire Storm               Conj/Fire      0%         5d1       100%        9
 Polar Vortex             Ice            0%         N/A       100%        9
 Animate Armour           Summ/Erth      Unusable   N/A       N/A         4

Dungeon Overview and Level Annotations

Branches:
Dungeon (1/1)

Altars:
Ashenzari
Cheibriados
Dithmenos
Elyvilon
Fedhas
Gozag
Hepliaklqana
Kikubaaqudgha
Makhleb
Nemelex Xobeh
Okawaru
Qazlal
Ru
Sif Muna
Trog
Uskayaw
Vehumet
Wu Jian
Xom
Yredelemnul
Zin
The Shining One
Jiyva
Lugonu


Innate Abilities, Weirdness & Mutations

You cannot wear most types of armour.
You are amphibious.
You can wear up to eight rings at the same time.
Your skin changes colour to match your surroundings (Stealth+).
Your rubbery body absorbs attacks. (AC +1, EV +1)
((You are camouflaged when in or above water. (Stealth+)))
You have tentacles for arms and can constrict up to eight enemies at once.


Message History

The blast of magma engulfs the mummy priest!!!
You destroy the mummy priest!
Qazlal accepts your kill.
The jiangshi disappears in a puff of smoke!
The giant cockroach simulacrum disappears in a puff of smoke!
The blast of ice hits the emperor scorpion!!
The emperor scorpion is severely wounded.
The blast of ice hits the emperor scorpion!!!
The emperor scorpion is severely wounded.
The emperor scorpion is flash-frozen.
The blast of ice hits the emperor scorpion!!!
The emperor scorpion is heavily wounded.
The emperor scorpion is flash-frozen.
The blast of rubble hits the royal mummy!
The royal mummy is severely damaged.
The blast of ice hits the emperor scorpion!
The emperor scorpion is severely wounded.
You feel extremely nervous for a moment...
Pain shoots through your body!!
* * * LOW HITPOINT WARNING * * *
You block the death scarab's attack.
GONNNNG!
You block the emperor scorpion's attack.
GONNNNG!
You block the emperor scorpion's attack.
GONNNNG!
The emperor scorpion completely misses you.
The royal mummy gestures wildly while chanting.
The royal mummy calls on the powers of darkness!
The emperor scorpion convulses! x4; Your body is wracked with pain!
* * * LOW HITPOINT WARNING * * *
The emperor scorpion convulses! x4
The emperor scorpion is engulfed in blazing flames.
You block the emperor scorpion's attack.
GONNNNG!
The emperor scorpion completely misses you.
The emperor scorpion closely misses you.
The emperor scorpion is engulfed in blazing flames.
The royal mummy hits you!!
You die...

▓........
..)/)§/)..≈≈)..▓........
.....≈§)..)|)..▓........
..../§≈≈.≈.≈≈.≈▓........
...≈§§≈M§≈≈≈≈≈.▓........
....≈§M.≈≈.....▓..▓.....
...≈..≈§.§..§§.▓.▓▓▓....
.....☼Msss....§▓..▓.....
.....°s@MB≈≈§§.▓≈≈.≈≈≈.≈
...▓..°Ms○≈▓≈≈.▓...≈≈.©.
. ▓▓s..°§▓▓ .▓▓▓▓▓▓▓▓▓
...▓.≈ss.≈≈▓...▓.....8©8
..........≈≈...▓.|...|).
.......©.§§§...▓.".=|[=.
▓▓▓▓▓▓▓▓▓▓▓▓▓▓▓▓........
▓........ ▓........


You could see 4 royal mummies, 8 emperor scorpions and a death scarab
(summoned).

Vanquished Creatures
  A royal mummy (D)
  A pearl dragon (D)
  3 acid blobs (D)
  4 shadow dragons (D)
  2 fire giants (D)
  2 azure jellies (D)
  2 rockslimes (D)
  2 very ugly things (D)
  3 quicksilver oozes (D)
  3 apis (D)
  A green draconian (D)
  An ophan (D)
  3 mummy priests (D)
  2 great orbs of eyes (D)
  Erica (D)
  A dancing weapon (D)
  A spriggan berserker (D)
  A boulder beetle (D)
  5 two-headed ogres (D)
  7 soul eaters (D)
  A shock serpent (shapeshifter) (D)
  A spriggan druid (D)
  2 cherubim (D)
  A glowing orange brain (D)
  A deep elf zephyrmancer (D)
  3 ugly things (D)
  A deep elf pyromancer (D)
  A faun (shapeshifter) (D)
  2 shining eyes (D)
  A cyclops (D)
  4 draconians (D)
  3 cane toads (D)
  A yaktaur (shapeshifter) (D)
  2 komodo dragons (D)
  4 guardian mummies (D)
  A queen bee (shapeshifter) (D)
  2 trolls (D)
  A tarantella (shapeshifter) (D)
  2 polar bears (D)
  A hornet (D)
  Sigmund (D)
  3 flying skulls (D)
  13 slime creatures (D)
  An ushabti (D)
  A spriggan (shapeshifter) (D)
  A culicivora (shapeshifter) (D)
  4 spriggans (D)
  2 water elementals (D)
  A human (shapeshifter) (D)
  2 neqoxecs (D)
  A golden eye (shapeshifter) (D)
  Edmund (D)
  A naga (D)
  4 water moccasins (D)
  A floating eye (shapeshifter) (D)
  Duvessa (D)
  6 black bears (D)
  4 wolves (D)
  An ogre (D)
  Dowan (D)
  2 crimson imps (D)
  Crazy Yiuf (D)
  Jessica (D)
  8 mummies (D)
  An adder (D)
  2 ufetubi (D)
  2 spectral adders (D)
  3 adder zombies (D)
  5 adder skeletons (D)
  2 spectral bats (D)
  A ball python (D)
  5 bat skeletons (D)
  5 bat zombies (D)
  2 endoplasms (D)
  7 ball python skeletons (D)
  3 ball python zombies (D)
  A jackal skeleton (D)
  A quokka skeleton (D)
  2 quokka zombies (D)
  5 spectral ball pythons (D)
  2 spectral giant cockroaches (D)
  3 spectral quokkas (D)
195 creatures vanquished.

Vanquished Creatures (collateral kills)
  A dancing weapon (D)
  A fire elemental (D)
  A large abomination (D)
  A swamp drake (shapeshifter) (D)
  Blork the orc (D)
  An iron imp (D)
6 creatures vanquished.

Grand Total: 201 creatures vanquished

Notes
Turn   | Place    | Note
-------+----------+-------------------------------------------
     0 | D        | BigDaddyOpFi the Octopode Fighter began the quest for the
                  | Orb.
     0 | D        | Reached XP level 1. HP: 16/16 MP: 1/1
     0 | D        | Found a shimmering blue altar of Sif Muna.
     0 | D        | Found a bloodstained altar of Trog.
     0 | D        | Found a sacrificial altar of Ru.
     0 | D        | Found a stormy altar of Qazlal.
     0 | D        | Found an iron altar of Okawaru.
     1 | D        | Found a sparkling altar of Nemelex Xobeh.
     1 | D        | Found a blossoming altar of Fedhas.
     1 | D        | Found the +6 Majin-Bo {spellvamp, MP+6 Int+6}
     1 | D        | Found the +27 heavy crossbow "Sniper" {heavy, Acc+∞ SInv}
     1 | D        | Found the +10 dark maul {heavy}
     1 | D        | Found the +15 Maxwell's patent armour {-Cast -Tele rElec
                  | Will+ rCorr}
     1 | D        | Found the +18 shield of the Gong {Loud rN+ Will+ rCorr
                  | EV-5}
     1 | D        | Found the +16 obsidian axe {drain, demonic, Mesm Drain Fly
                  | SInv}
     1 | D        | Found the +7 great mace "Firestarter" {flame, immolate,
                  | rFlCloud rF++}
     1 | D        | Found the +6 shillelagh "Devastator" {shatter}
     1 | D        | Found the +11 plutonium sword {Contam Stlth-}
     1 | D        | Found the +8 lance "Wyrmbane" {slay drac, rPois rF+ rC+
                  | AC+3}
     1 | D        | Found the +9 sword of Zonguldrok {reap}
     1 | D        | Found the +13 scythe of Curses {drain, curses, Drain}
     1 | D        | Found the +9 sword of Power {lifebolt}
     1 | D        | Found the +7 mace of Variability {chaos, chaos arc}
     1 | D        | Found the +11 Singing Sword {sonic wave}
     1 | D        | Found the +8 storm bow {elec, penet}
     3 | D        | Found a transporter.
     3 | D        | Found an ancient bone altar of Kikubaaqudgha.
     3 | D        | Found a viscous altar of Jiyva.
     3 | D        | Found a corrupted altar of Lugonu.
     3 | D        | Found a hazy altar of Hepliaklqana.
     3 | D        | Found a burning altar of Makhleb.
     3 | D        | Found an opulent altar of Gozag.
    53 | D        | Became a worshipper of Qazlal Stormbringer
    62 | D        | Entered arena 2.
    62 | D        | Noticed a spriggan
    62 | D        | Noticed a black bear
    62 | D        | Found a transporter.
    65 | D        | Killed a spriggan
    66 | D        | Reached skill level 5 in Fighting
    66 | D        | Reached skill level 5 in Dodging
    66 | D        | Reached skill level 5 in Shields
    66 | D        | Reached XP level 2. HP: 13/24 MP: 1/5
    66 | D        | Reached XP level 3. HP: 16/29 MP: 1/6
    66 | D        | Reached XP level 4. HP: 19/35 MP: 1/7
    66 | D        | Reached XP level 5. HP: 21/39 MP: 1/8
    68 | D        | Killed a black bear
    69 | D        | Reached skill level 5 in Axes
    69 | D        | Reached skill level 5 in Invocations
    69 | D        | Reached XP level 6. HP: 39/46 MP: 1/10
    69 | D        | Reached XP level 7. HP: 46/54 MP: 1/11
   252 | D        | Entered arena 3.
   252 | D        | Noticed a fire elemental
   252 | D        | Noticed a +4 hand axe of electrocution
   252 | D        | Noticed a water elemental
   252 | D        | Found a transporter.
   256 | D        | Killed a +4 hand axe of electrocution
   256 | D        | Reached * piety under Qazlal
   257 | D        | Reached XP level 8. HP: 63/63 MP: 11/13
   258 | D        | Killed a water elemental
   273 | D        | Entered arena 4.
   273 | D        | Noticed a deep elf zephyrmancer
   273 | D        | Noticed a deep elf pyromancer
   273 | D        | Noticed a water elemental
   273 | D        | Noticed a +1 halberd of pain
   273 | D        | Found a transporter.
   278 | D        | Killed a water elemental
   278 | D        | Reached ** piety under Qazlal
   279 | D        | Killed a +1 halberd of pain
   280 | D        | Reached skill level 10 in Fighting
   280 | D        | Reached skill level 10 in Dodging
   280 | D        | Reached skill level 10 in Shields
   280 | D        | Reached XP level 9. HP: 46/70 MP: 13/15
   280 | D        | Killed a deep elf pyromancer
   281 | D        | Reached skill level 10 in Axes
   282 | D        | Killed a deep elf zephyrmancer
   282 | D        | Reached *** piety under Qazlal
   291 | D        | Entered arena 5.
   291 | D        | Found a transporter.
   295 | D        | Reached skill level 10 in Invocations
   295 | D        | Reached **** piety under Qazlal
   299 | D        | Got the Excursus on Displacement and Intoxication
   301 | D        | Entered arena 6.
   301 | D        | Noticed a draconian
   301 | D        | Noticed a draconian
   301 | D        | Noticed a draconian
   301 | D        | Noticed a draconian
   301 | D        | Noticed a green draconian
   301 | D        | Found a transporter.
   308 | D        | Killed a draconian
   308 | D        | Killed a draconian
   308 | D        | Killed a draconian
   309 | D        | Reached XP level 10. HP: 58/79 MP: 8/18
   309 | D        | Killed a green draconian
   309 | D        | Killed a draconian
   314 | D        | Got the +1 cloak of the Camelopard {Dex+2}
   317 | D        | Got the ring "Xiof" {rF+ rN++ Will+ Stlth-}
   438 | D        | Entered arena 7.
   439 | D        | Found a transporter.
   441 | D        | Reached ***** piety under Qazlal
   450 | D        | Got the Monograph on Reconstruction and the Assassin
   452 | D        | Got the ring of the Establishment {rF+ rCorr Str+6}
   455 | D        | Upgraded the game from 0.31-a0-18-gea43df2a32 to
                  | 0.31-a0-496-g6f97920a28
   464 | D        | Entered arena 8.
   465 | D        | Found a transporter.
   470 | D        | Reached ****** piety under Qazlal
   476 | D        | Got the ring "Guck" {Fire Will+ Str+4 SInv}
   479 | D        | Got the Compilation of Niveous Topography
   483 | D        | Entered arena 9.
   483 | D        | Noticed a shining eye
   483 | D        | Noticed a cyan ugly thing
   484 | D        | Found a transporter.
   490 | D        | Reached XP level 11. HP: 50/86 MP: 18/20
   490 | D        | Killed a shining eye
   490 | D        | Killed a cyan ugly thing
   503 | D        | Got the Compilation of Snow-white Elsewhere
   598 | D        | Entered arena 10.
   598 | D        | Noticed Sigmund
   598 | D        | Noticed Jessica
   598 | D        | Noticed Blork the orc
   598 | D        | Noticed Crazy Yiuf
   598 | D        | Noticed Dowan
   598 | D        | Noticed Duvessa
   598 | D        | Noticed Edmund
   598 | D        | Noticed Erica
   599 | D        | Found a transporter.
   600 | D        | Killed Dowan
   600 | D        | Killed Jessica
   600 | D        | Killed Crazy Yiuf
   600 | D        | Killed Sigmund
   602 | D        | Killed Edmund
   603 | D        | Killed Duvessa
   604 | D        | Killed Blork the orc
   606 | D        | Killed Erica
   789 | D        | Entered arena 11.
   789 | D        | Noticed a spriggan rider
   789 | D        | Noticed a spriggan druid
   790 | D        | Killed a spriggan druid
   791 | D        | Found a transporter.
   890 | D        | Entered arena 12.
   890 | D        | Noticed a boulder beetle
   890 | D        | Noticed a spriggan berserker
   892 | D        | Killed a spriggan berserker
   893 | D        | Found a transporter.
   897 | D        | Killed a boulder beetle
   901 | D        | Reached XP level 12. HP: 71/96 MP: 13/22
   959 | D        | Got the Writings on the Vexing Voyage
   971 | D        | Entered arena 13.
   971 | D        | Noticed a two-headed ogre
   971 | D        | Noticed a two-headed ogre
   971 | D        | Noticed a two-headed ogre
   971 | D        | Noticed a two-headed ogre
   971 | D        | Noticed a fire giant
   971 | D        | Noticed a fire giant
   972 | D        | Noticed a two-headed ogre
   973 | D        | Killed a two-headed ogre
   973 | D        | Killed a two-headed ogre
   973 | D        | Killed a two-headed ogre
   973 | D        | Killed a fire giant
   974 | D        | Found a transporter.
   976 | D        | Killed a two-headed ogre
   976 | D        | Killed a two-headed ogre
   977 | D        | Reached skill level 15 in Invocations
   981 | D        | Killed a fire giant
   982 | D        | Reached skill level 15 in Fighting
   982 | D        | Reached skill level 15 in Dodging
   982 | D        | Reached skill level 15 in Shields
  1033 | D        | Entered arena 14.
  1033 | D        | Noticed a purple very ugly thing
  1034 | D        | Noticed a white very ugly thing
  1034 | D        | Noticed a shock serpent
  1035 | D        | Noticed a shock serpent
  1035 | D        | Found the +2 cloak of the Thief {*Fog Slay-2 SInv Stlth+}
  1036 | D        | Found a transporter.
  1037 | D        | Killed a shock serpent
  1037 | D        | a shock serpent changed into an anaconda
  1037 | D        | Noticed an anaconda (glowing shapeshifter)
  1038 | D        | Reached skill level 15 in Axes
  1040 | D        | an anaconda changed into a merfolk
  1042 | D        | Killed a red very ugly thing
  1046 | D        | Killed a purple very ugly thing
  1047 | D        | Reached XP level 13. HP: 87/105 MP: 3/24
  1253 | D        | Entered arena 15.
  1253 | D        | Noticed a quicksilver ooze
  1254 | D        | Noticed an azure jelly
  1254 | D        | Noticed an acid blob
  1255 | D        | Noticed a great orb of eyes
  1256 | D        | Killed an acid blob
  1256 | D        | Killed a quicksilver ooze
  1256 | D        | Killed an azure jelly
  1257 | D        | Found a transporter.
  1258 | D        | Killed a great orb of eyes
  1264 | D        | Got the Elucidation of the Hierophant
  1271 | D        | Got Sif Muna's Commentary on Attendants
  1278 | D        | Upgraded the game from 0.31-a0-496-g6f97920a28 to
                  | 0.31-a0-564-g3b7de120b3
  1348 | D        | Entered arena 16.
  1348 | D        | Noticed a shadow dragon
  1348 | D        | Noticed a shadow dragon
  1349 | D        | Found the +7 Spriggan's Knife {stab, EV+4 Stlth+}
  1352 | D        | Killed a shadow dragon
  1352 | D        | Killed a shadow dragon
  1353 | D        | Found a transporter.
  1451 | D        | Entered arena 17.
  1453 | D        | Noticed a pearl dragon
  1453 | D        | Noticed an apis
  1454 | D        | Noticed an ophan
  1454 | D        | Noticed an apis
  1454 | D        | Noticed an apis
  1455 | D        | Killed an apis
  1456 | D        | Killed an apis
  1456 | D        | Killed a pearl dragon
  1456 | D        | Killed an apis
  1459 | D        | Found a transporter.
  1461 | D        | Killed an ophan
  1636 | D        | Got the ring of the Charming Gods {rPois rF+ rC- Str+8}
  1638 | D        | Got the ring of Balance {rPois rN+ Int+3 Dex+6}
  1648 | D        | Entered arena 18.
  1650 | D        | Noticed a great orb of eyes
  1650 | D        | Noticed an acid blob
  1650 | D        | Noticed a quicksilver ooze
  1650 | D        | Noticed a rockslime
  1651 | D        | Noticed an acid blob
  1651 | D        | Noticed an azure jelly
  1651 | D        | Noticed a quicksilver ooze
  1652 | D        | Killed a quicksilver ooze
  1652 | D        | Killed an acid blob
  1652 | D        | Killed a rockslime
  1652 | D        | Killed a quicksilver ooze
  1652 | D        | Killed a great orb of eyes
  1652 | D        | Killed an azure jelly
  1653 | D        | Reached XP level 14. HP: 116/116 MP: 17/27
  1653 | D        | Noticed a rockslime
  1654 | D        | Killed an acid blob
  1655 | D        | Found a transporter.
  1661 | D        | Killed a rockslime
  1794 | D        | Entered arena 19.
  1797 | D        | Noticed a shadow dragon
  1801 | D        | Killed a shadow dragon
  1802 | D        | Found a transporter.
  1993 | D        | Entered arena 20.
  1997 | D        | Noticed a shadow dragon
  2001 | D        | Killed a shadow dragon
  2002 | D        | Found the amulet of the Air {Inacc Air Fly rElec RMsl}
  2003 | D        | Found a transporter.
  2136 | D        | Got Qoysid's Grimoire of the Wayfarer
  2167 | D        | Entered arena 21.
  2171 | D        | Noticed a royal mummy
  2172 | D        | Noticed a royal mummy
  2172 | D        | Noticed a royal mummy
  2172 | D        | Identified the staff "Caotwat" {Fly rElec rPois Str+4 Dex+3
                  | Air}
  2172 | D        | Identified the ring "Zaureadgh" {rPois rC+ Str+6 Dex-5}
  2172 | D        | Noticed a royal mummy
  2176 | D        | Noticed an emperor scorpion
  2176 | D        | Noticed an emperor scorpion
  2176 | D        | Noticed an emperor scorpion
  2176 | D        | Noticed an emperor scorpion
  2176 | D        | Killed a royal mummy
  2176 | D        | Identified the staff "Uschyth" {rC+ Earth}
  2176 | D        | Identified the amulet of Sunlight {Reflect rElec Will+
                  | SH+5}
  2177 | D        | Noticed a royal mummy
  2179 | D        | Noticed an emperor scorpion
  2181 | D        | Noticed an emperor scorpion
  2181 | D        | Noticed an emperor scorpion
  2181 | D        | Noticed an emperor scorpion
  2181 | D        | Noticed an emperor scorpion
  2182 | D        | Annihilated by a royal mummy

Illustrated notes

Levels and vault maps discovered:
D:        sprint_v [room_start, room_1, room_2, room_3, room_4, room_5, room_6,
          room_7, room_8, room_9, room_10, room_11, room_12, room_13, room_14,
          room_15, room_16, room_17, room_18, room_19, room_20, room_21,
          room_22, room_23, room_24, room_25, room_26, room_27]

Skill      XL: |  1  2  3  4  5  6  7  8  9 10 11 12 13 14 |
---------------+-------------------------------------------+-----
Fighting       | 5 6 7 9 10 11 12 14 15 17 19 | 19.0
Axes           | 4 5 7 8 9 11 12 13 15 17 18 | 18.9
Dodging        | 5 6 7 9 10 11 12 14 15 17 19 | 19.0
Shields        | 5 6 7 9 10 11 12 14 15 17 19 | 19.0
Invocations    | 4 5 7 8 10 12 14 15 18 19 | 19.7

Action                     |  1- 3 |  4- 6 |  7- 9 | 10-12 | 13-15 || total
---------------------------+-------+-------+-------+-------+-------++-------
  Melee: Broad axe         |     2 |     2 |    14 |    31 |     5 ||    54
         Constrict         |     1 |       |     3 |     5 |     1 ||    10
         Punch             |       |     1 |       |       |       ||     1
         Tentacles         |       |       |     4 |     7 |     1 ||    12
 Invoke: Upheaval          |       |       |     1 |       |     1 ||     2
         Elemental Force   |       |       |     1 |       |       ||     1
         Disaster Area     |       |       |       |     7 |    18 ||    25
    Use: Potion            |       |     2 |     2 |       |     4 ||     8
   Stab: Paralysed         |       |       |     2 |     1 |       ||     3
 Armour: Skin              |       |       |       |       |     2 ||     2
  Dodge: Dodged            |     1 |       |     8 |     7 |    14 ||    30
         Repelled          |       |       |       |       |     3 ||     3
  Block: Kite shield       |     5 |     4 |    36 |    58 |    33 ||   136

Table legend: (Time is in decaauts)
 A = Elapsed time spent in this place.
 B = Non-inter-level travel time spent in this place.
 C = Inter-level travel time spent in this place.
 D = Time resting spent in this place.
 E = Time spent auto-exploring this place.
 F = Levels seen in this place.
 G = Mean time per level.
                   A        B        C        D        E       F      G
               +--------+--------+--------+--------+--------+-----+--------+
         Total |   2180 |   2180 |      0 |   1601 |      0 |   1 | 2180.0 |
       Dungeon |   2180 |   2180 |      0 |   1601 |      0 |   1 | 2180.0 |
               +--------+--------+--------+--------+--------+-----+--------+

Top non-repeatable levels by time:
       D: 2180 daAuts
